 Dungeon Crawl Stone Soup version 0.30-a0-857-gcaf70739d4 (webtiles) character file.

Game seed: 5188274281400378007

17 Mickster the Digger (level 2, 0/20 HPs)
             Began as a Demigod Earth Elementalist on Mar 5, 2023.
             Slain by a jackal (2 damage)
             ... on level 1 of the Dungeon.
             The game lasted 00:08:59 (723 turns).

Mickster the Digger (Demigod Earth Elementalist)     Turns: 723, Time: 00:09:00

Health: 0/20       AC: 10    Str:  9    XL:     2   Next: 30%
Magic:  7/7        EV:  0    Int: 17    God:
Gold:   40         SH:  0    Dex: 14    Spells: 4/5 levels left

rFire   . . .      SeeInvis .    e - +0 short sword
rCold   . . .      Faith    .    (no shield)
rNeg    . . .      Spirit   .    i - +0 plate armour
rPois   .          Reflect  .    (no helmet)
rElec   .          Rampage  .    (no cloak)
rCorr   .                        (no gloves)
Will    .....                    (no boots) Stlth
                                 (no amulet)
HPRegen 0.23/turn                (no ring)
MPRegen 0.10/turn                (no ring)

@: no status effects
A: high MP 1, forlorn, divine attributes
a: no special abilities


You were on level 1 of the Dungeon.
You visited 1 branch of the dungeon, and saw 1 of its levels.

You collected 40 gold pieces.

Inventory:

Hand Weapons
 c - a +0 club
 e - a +0 short sword (weapon)
 f - a +0 whip
Missiles
 d - 15 stones
Armour
 a - a +0 robe
 i - a +0 plate armour (worn)
Scrolls
 g - a scroll of magic mapping {unknown}
Potions
 b - a potion of magic


   Skills:
 + Level 1.8 Dodging
 + Level 1.8 Stealth
 + Level 2.0 Spellcasting
 + Level 1.2 Transmutations
 + Level 3.1 Earth Magic


You had 4 spell levels left.
You knew the following spells:

 Your Spells              Type           Power      Damage    Failure   Level
a - Sandblast             Erth           24%        2d8       100%        1

Your spell library contained the following spells:

 Spells                   Type           Power      Damage    Failure   Level
 Passwall                 Tmut/Erth      7%         N/A       100%        2
 Stone Arrow              Conj/Erth      14%        3d7       100%        3
 Petrify                  Tmut/Erth      9%         N/A       100%        4


Dungeon Overview and Level Annotations

Branches:
Dungeon (1/15)

Shops:
D:1 ?


Innate Abilities, Weirdness & Mutations

You have an increased reservoir of magic. (+10% MP)
You shall have no god before yourself.
Your divine heritage dramatically boosts your attributes as you level up.


Message History

As you read the scroll labelled ZACEIS UGHEROE, it crumbles to dust.
It was a scroll of poison.
The jackal bites you but does no damage.
The goblin hits you but does no damage. The rat bites you but does no damage.
The jackal bites you but does no damage.
The jackal bites you but does no damage.
The goblin hits you with a +0 dagger.
* * * LOW HITPOINT WARNING * * *
The rat bites you but does no damage.
You hit the rat but do no damage.
The jackal bites you but does no damage.
The goblin hits you but does no damage. The rat bites you but does no damage.
The jackal bites you but does no damage.
You hit the rat but do no damage. The goblin hits you but does no damage.
The rat bites you but does no damage.
The jackal bites you but does no damage.
You hit the rat but do no damage.
The jackal bites you but does no damage.
The goblin hits you but does no damage. The rat bites you but does no damage.
You closely miss the rat.
The jackal bites you but does no damage.
The goblin hits you but does no damage. The rat bites you but does no damage.
The jackal bites you.
* * * LOW HITPOINT WARNING * * *
You hit the rat.
The rat is severely wounded.
The jackal bites you but does no damage.
The goblin hits you but does no damage. The rat bites you but does no damage.
You hit the rat.
You kill the rat!
The jackal bites you.
* * * LOW HITPOINT WARNING * * *
The goblin hits you but does no damage.
The jackal bites you but does no damage.
The goblin hits you but does no damage.
The jackal bites you but does no damage.
You hit the goblin.
You kill the goblin!
The jackal bites you.
You die...

+....~##≈≈###.......
#..§○#≈≈#≈≈≈≈.....##
##.§##≈≈≈≈≈≈##..###
#.§○≈#≈≈≈#≈≈#..#
#†§#≈≈≈≈≈≈≈≈#..#
##§##≈#≈≈# ≈#..#
#○§#≈≈≈≈≈ ...#
########h☼#○#≈≈
#...#
.°§§○§○)@☼○§##~#
.☼§°§§§#)§§§§§°..
.§☼○§☼..°§○§§§§..
.☼○§§.§#§☼§○§○§..
.§☼§.§##°#§°°§###
.○#### #§#§§§§§. .
.○#.○☼°### ###.####


You could see a jackal.

Vanquished Creatures
  A dart slug (D:1)
  4 goblins (D:1)
  A jackal (D:1)
  A quokka (D:1)
  2 ball pythons (D:1)
  A bat (D:1)
  4 kobolds (D:1)
  2 rats (D:1)
16 creatures vanquished.

Notes
Turn   | Place    | Note
-------+----------+-------------------------------------------
     0 | D:1      | Mickster the Demigod Earth Elementalist began the quest for
                  | the Orb.
     0 | D:1      | Reached XP level 1. HP: 14/14 MP: 5/5
   189 | D:1      | Found Quycocra's Magic Scroll Shoppe.
   275 | D:1      | Reached skill level 1 in Transmutations
   312 | D:1      | Reached skill level 3 in Earth Magic
   355 | D:1      | Reached XP level 2. HP: 20/20 MP: 7/7
   721 | D:1      | HP: 1/20 [jackal (1)]
   723 | D:1      | Slain by a jackal

Illustrated notes

Levels and vault maps discovered:
D:1:      minmay_arrival_floating_metal, layout_loops_corners, serial_shops,
          nicolae_shop_behind_doors, minivault_4

Skill      XL: |  1  2 |
---------------+-------+-----
Transmutations | 1 |  1.2
Earth Magic    | 3 |  3.1
Spellcasting   | 2 |  2.0
Dodging        | |  1.8
Stealth        | |  1.8

Action                     || total
---------------------------++-------
  Melee: Unarmed           ||     4
         Whip              ||     7
         Short sword       ||    22
   Cast: Sandblast         ||    13
    Use: Scroll            ||     2
         Potion            ||     1
 Armour: Robe              ||     4
         Plate armour      ||    76
  Dodge: Dodged            ||    11

Table legend: (Time is in decaauts)
 A = Elapsed time spent in this place.
 B = Non-inter-level travel time spent in this place.
 C = Inter-level travel time spent in this place.
 D = Time resting spent in this place.
 E = Time spent auto-exploring this place.
 F = Levels seen in this place.
 G = Mean time per level.
                   A        B        C        D        E       F      G
               +--------+--------+--------+--------+--------+-----+--------+
         Total |    733 |    708 |     25 |    218 |      0 |   1 |  733.0 |
       Dungeon |    733 |    708 |     25 |    218 |      0 |   1 |  733.0 |
               +--------+--------+--------+--------+--------+-----+--------+

Top non-repeatable levels by time:
     D:1: 733 daAuts
